 Dungeon Crawl Stone Soup version 0.27-a0-1177-g245c70e1c0 (webtiles) character file.

Game seed: 14517539358799644141

5216 Anon1729 the Zephyrmancer (level 10, -1/56 HPs)
             Began as an Octopode Air Elementalist on May 16, 2021.
             Was a Follower of Ashenzari.
             Slain by an orc
             ... wielding a +0 flail
              (9 damage)
             ... on level 9 of the Dungeon.
             The game lasted 00:17:15 (8126 turns).

Anon1729 the Zephyrmancer (OpAE)                    Turns: 8126, Time: 00:17:15

Health: -1/56      AC:  1    Str:  9    XL:     10   Next: 61%
Magic:  18/22      EV: 16    Int: 20    God:    Ashenzari [*.....]
Gold:   462        SH:  0    Dex: 24    Spells: 16/26 levels left

rFire    . . .     SeeInvis .   n - +9 demon trident of the Beast {drain, Drain rPois rN+++ Stlth-}
rCold    . . .     Faith    .   (no shield)
rNeg     + + +     Spirit   .   (helmet restricted)
rPois    +         Reflect  .   e - amulet of the Sibylline Gnosis {Regen+, Fort, Self} (curse)
rElec    .         Harm     .   m - ring "Oracular Affliction" {Dex+6, Comp, Elem} (curse)
rCorr    .         Rampage  .   u - ring "Annoyance of the Sky" {Dex+6, Cun, Melee} (curse)
Will     +....                  v - ring of willpower
Stlth    +++.......             (no ring)
HPRegen  1.18/turn              (no ring)
MPRegen  0.18/turn              (no ring)
                                (no ring)
                                (no ring)

@: swift, quick
A: almost no armour, amphibious, 8 rings, camouflage 1, gelatinous body 1,
(nimble swimmer 1), tentacles
a: Renounce Religion, Curse Item, Shatter the Chains


You were on level 9 of the Dungeon.
You worshipped Ashenzari.
Ashenzari was aware of your devotion.
You visited 2 branches of the dungeon, and saw 10 of its levels.

You collected 462 gold pieces.

Inventory:

Hand Weapons
 b - a +0 short sword of draining
 k - a +2 dagger of venom
 n - the +9 demon trident of the Beast (weapon) {drain, Drain rPois rN+++ Stlth-}
   (You acquired it on level 5 of the Dungeon)

   A truly terrible weapon, it drains the life of those it strikes.
   It protects you from poison.
   It renders you almost immune to negative energy.
   It drains your maximum health when unequipped.
   It makes you less stealthy.
Missiles
 A - 2 throwing nets
Magical Staves
 t - a staff of conjuration
Jewellery
 e - the cursed amulet of the Sibylline Gnosis (around mantle) {Regen+, Fort, Self}
   (You found it on level 1 of the Dungeon)

   [amulet of regeneration]

   It increases your rate of health regeneration.
   It has a curse which improves the following skills: Fortitude: Shields.
   Introspection: Fighting and Spellcasting.
 m - the cursed ring "Oracular Affliction" (left tentacle) {Dex+6, Comp, Elem}
   (You found it on level 4 of the Dungeon)

   [ring of dexterity]

   It affects your dexterity (+6).
   It has a curse which improves the following skills: Companions: Summonings
   and Necromancy.
   Elements:  Fire Magic, Ice Magic, Air Magic and Earth Magic.
 u - the cursed ring "Annoyance of the Sky" (right tentacle) {Dex+6, Cun, Melee}
   (You found it on level 6 of the Dungeon)

   [ring of dexterity]

   It affects your dexterity (+6).
   It has a curse which improves the following skills: Cunning: Dodging and
   Stealth.
   Melee Combat: Short Blades, Long Blades, Axes, Maces & Flails, Polearms,
   Staves and Unarmed Combat.
 v - a ring of willpower (on tentacle)
 y - an amulet of regeneration
Wands
 z - a wand of iceblast (4)
Scrolls
 h - a scroll of teleportation
 i - 2 scrolls of immolation
 j - a scroll of summoning
 l - 2 scrolls of magic mapping
 p - 2 scrolls of enchant weapon
 q - 2 scrolls of blinking
 r - a scroll of amnesia
 s - a scroll of vulnerability
 w - a scroll of holy word
 C - a scroll of enchant armour
 D - a scroll of acquirement
Potions
 a - a potion of might
 c - a potion of cancellation
 d - 2 potions of attraction
 f - 3 potions of degeneration
 g - 11 potions of curing
 o - 2 potions of heal wounds
 x - a potion of haste
 B - a potion of berserk rage


   Skills:
 + Level 6.7(7.7) Polearms
 + Level 3.3(4.3) Dodging
 - Level 2.8(3.7) Stealth
 + Level 7.4(8.5) Spellcasting
 + Level 7.8 Conjurations
 + Level 8.4(9.5) Air Magic


You had 16 spell levels left.
You knew the following spells:

 Your Spells              Type           Power      Damage    Failure   Level
a - Shock                 Conj/Air       100%       1d9       1%          1
b - Static Discharge      Conj/Air       43%        N/A       1%          2
c - Swiftness             Air            46%        N/A       1%          3
d - Airstrike             Air            23%        N/A       1%          4

Your spell library contained the following spells:

 Spells                   Type           Power      Damage    Failure   Level
 Dazzling Flash           Conj/Hex       48%        N/A       4%          3
 Lightning Bolt           Conj/Air       21%        1d36      6%          5
 Freeze                   Ice            32%        1d5       8%          1
 Corona                   Hex            8%         N/A       9%          1
 Iskenderun's Battlesphe  Conj           39%        2d9       9%          5
 Ensorcelled Hibernation  Hex/Ice        16%        N/A       12%         2
 Hailstorm                Conj/Ice       24%        3d7       16%         4
 Confusing Touch          Hex            8%         N/A       24%         3
 Frozen Ramparts          Ice            16%        1d3       24%         3
 Ozocubu's Armour         Ice            8%         N/A       24%         3
 Tukima's Dance           Hex            8%         N/A       24%         3
 Bolt of Magma            Conj/Fire/Erth 9%         4d7       58%         5
 Metabolic Englaciation   Hex/Ice        4%         N/A       91%         5
 Iron Shot                Conj/Erth      12%        9d3       94%         6
 Orb of Destruction       Conj           19%        9d9       95%         7
 Spellforged Servitor     Conj/Summ      12%        N/A       100%        7


Dungeon Overview and Level Annotations

Branches:
Dungeon (9/15)             Temple (1/1) D:4
   Lair: D:8-11         Orc: D:9-12

Altars:
Ashenzari
Cheibriados
Dithmenos
Elyvilon
Fedhas
Gozag
Hepliaklqana
Kikubaaqudgha
Makhleb
Nemelex Xobeh
Okawaru
Qazlal
Ru
Sif Muna
Trog
Uskayaw
Vehumet
Wu Jian
Xom
Yredelemnul
Zin
The Shining One

Shops:
D:6 *

Annotations:
D:9 3 runed translucent doors, zikan's ghost, novice HOMo


Innate Abilities, Weirdness & Mutations

You cannot wear most types of armour.
You are amphibious.
You can wear up to eight rings at the same time.
Your skin changes colour to match your surroundings (Stealth+).
Your rubbery body absorbs attacks. (AC +1, EV +1)
((You are camouflaged near water. (Stealth+)))
You have tentacles for arms and can constrict up to eight enemies at once.


Message History

You drain the orc warrior. Your grab misses the orc warrior.
The orc warrior is almost dead.
You constrict the orc warrior. The orc warrior misses you.
The orc warrior hits you with a +0 war axe!!
You are too injured to fight recklessly!
You are too injured to fight recklessly!
You are too injured to fight recklessly!
You are too injured to fight recklessly!
You are too injured to fight recklessly!
You are too injured to fight recklessly!
You are too injured to fight recklessly!
You are too injured to fight recklessly!
You are too injured to fight recklessly!
You are too injured to fight recklessly!
Casting: Swiftness (safe; 1% risk of failure)
Confirm with . or Enter, or press ? or * to list all spells.
The orc warrior is struck by an arc of lightning!
The orc warrior is severely wounded.
You are struck by an arc of lightning.
The orc warrior is struck by an arc of lightning.
You kill the orc warrior!
The lightning grounds out.
You constrict the orc warrior.
The orc warrior hits you with a +0 war axe!
* * * LOW HITPOINT WARNING * * *
You puncture the orc warrior! You drain the orc warrior.
You kill the orc warrior!
You start resting.
An orc comes into view. It is wielding a +0 flail.
An orc comes into view. It is wielding a +0 flail.
Things that are here:
a +0 war axe; a +0 plate armour; 43 gold pieces You are too injured to fight recklessly!
Casting: Static Discharge (safe; 1% risk of failure)
Confirm with . or Enter, or press ? or * to list all spells.
You feel quick.
The orc shouts!
You hear a shout!
The orc hits you with a +0 flail!
* * * LOW HITPOINT WARNING * * *
The orc hits you with a +0 flail!
You die...

..................##.#####)####..
..............###.......#)[......
......###....####...#...#[[......
......#)#....###..........##.....
.##...###......#...........##....
..................)###########
..........###.......##.##
..:..)....##..o)....#...#..
..........##.o@)...........
.........##.#####......... ..
....###.......... ..
##...#.....#...#.. ..
#....#...##.## . ..#.. #.
##.#..##..#######
#....##.##..#.####.#!.....
.............#.#.........
#.............##.....#..


You could see 2 orcs.

Vanquished Creatures
  Pikel (D:9)
  Joseph (D:9)
  A hornet (D:9)
  A wyvern (D:7)
  5 yaks
  Eustachio (D:9)
  3 water moccasins (D:6)
  4 orc warriors
  A black bear (D:8)
  2 sky beasts (D:7)
  An ice beast (D:6)
  2 ogres
  2 centaurs
  3 lemures
  A kobold brigand (D:9)
  2 bullfrogs (D:8)
  A gnoll sergeant (D:8)
  2 jellies
  A scorpion (D:7)
  A wyvern skeleton (D:5)
  A water moccasin zombie (D:5)
  6 killer bees (D:9)
  A howler monkey (D:4)
  2 hounds (D:7)
  2 gnoll shamans
  5 orc priests
  A bullfrog skeleton (D:4)
  An iguana (D:5)
  A scorpion zombie (D:5)
  9 orc wizards
  A killer bee zombie (D:9)
  A hound skeleton (D:4)
  A howler monkey zombie (D:8)
  16 gnolls
  8 adders
  2 shadow imps
  A white imp (D:7)
  An ufetubus (D:5)
  2 dart slugs
  47 orcs
  6 bats
  7 endoplasms
  5 giant cockroaches
  4 goblins
  6 hobgoblins
  3 jackals (D:1)
  13 kobolds
  3 quokkas
  8 ball pythons
  5 frilled lizards (D:1)
  4 rats
209 creatures vanquished.

Vanquished Creatures (others)
  4 plants (D:9)
4 creatures vanquished.

Grand Total: 213 creatures vanquished

Notes
Turn   | Place    | Note
-------+----------+-------------------------------------------
     0 | D:1      | Anon1729 the Octopode Air Elementalist began the quest for
                  | the Orb.
     0 | D:1      | Reached XP level 1. HP: 11/11 MP: 3/3
    32 | D:1      | Found a faded altar of an unknown god.
   243 | D:1      | Reached XP level 2. HP: 14/17 MP: 5/5
   958 | D:1      | Reached XP level 3. HP: 21/21 MP: 3/6
  1444 | D:2      | Reached XP level 4. HP: 27/27 MP: 2/8
  2362 | D:3      | You fall into a shaft and drop 1 floor!
  2465 | D:4      | Reached skill level 4 in Air Magic
  2465 | D:4      | Reached XP level 5. HP: 18/31 MP: 2/9
  2640 | D:4      | Reached XP level 6. HP: 28/36 MP: 4/11
  2890 | D:4      | Found a staircase to the Ecumenical Temple.
  2899 | Temple   | Entered the Ecumenical Temple
  3150 | Temple   | Became a worshipper of Ashenzari the Shackled
  3280 | D:4      | Identified a scroll of acquirement
  3707 | D:5      | Entered Level 5 of the Dungeon
  3728 | D:5      | Learned a level 2 spell: Static Discharge
  3732 | D:5      | Learned a level 3 spell: Swiftness
  3737 | D:5      | Learned a level 4 spell: Airstrike
  3796 | D:5      | Acquired the +9 demon trident of the Beast {drain, Drain
                  | rPois rN+++ Stlth-}
  4021 | D:5      | Reached XP level 7. HP: 41/41 MP: 10/13
  4095 | D:5      | Reached skill level 1 in Polearms
  4095 | D:5      | Reached skill level 5 in Air Magic
  4742 | D:6      | Found a sacrificial altar of Ru.
  4911 | D:6      | Reached XP level 8. HP: 46/46 MP: 13/15
  5195 | D:6      | Found Fuoc's Serpentskin Sales.
  5207 | D:6      | Reached skill level 5 in Spellcasting
  5207 | D:6      | Reached skill level 5 in Conjurations
  5207 | D:6      | Reached skill level 6 in Air Magic
  5385 | D:6      | Reached * piety under Ashenzari
  5620 | D:7      | Noticed a wyvern
  5623 | D:7      | Killed a wyvern
  5689 | D:7      | Reached XP level 9. HP: 30/51 MP: 17/17
  6657 | D:8      | Reached skill level 7 in Air Magic
  6904 | D:8      | Reached skill level 5 in Polearms
  7430 | D:9      | Found a runed translucent gate.
  7430 | D:9      | Found a runed translucent gate.
  7430 | D:9      | Found a runed translucent gate.
  7431 | D:9      | Noticed zikan's ghost (novice HOMo)
  7431 | D:9      | Noticed a ten-headed hydra
  7440 | D:9      | Noticed a hornet
  7448 | D:9      | Killed a hornet
  7472 | D:9      | Noticed Joseph
  7483 | D:9      | Killed Joseph
  7484 | D:9      | Reached skill level 8 in Air Magic
  7484 | D:9      | Reached XP level 10. HP: 16/56 MP: 20/22
  7542 | D:9      | Noticed Pikel
  7675 | D:9      | Killed Pikel
  7748 | D:9      | Noticed Eustachio
  7768 | D:9      | Killed Eustachio
  7805 | D:9      | Identified the +7 triple sword "Xoiwn" {vamp, rPois rN+
                  | Int+3 Dex+4}
  8126 | D:9      | Slain by an orc

Illustrated notes

Levels and vault maps discovered:
D:1:      amcnicky_arrival_flooded_fountain, layout_loops_ring,
          shapermc_ecumenical_altar_notcrosses, minivault_19, minivault_14,
          minmay_lizard_pond
D:2:      layout_basic, lemuel_old_faithful
D:3:      layout_basic, chequers_serial_rivers_marsh, minivault_14
D:4:      layout_basic, minmay_temple_entry_proselytizer,
          wad_floor_pattern_untrapped, minivault_14
D:5:      layout_cave_pools
D:6:      layout_gridville, nicolae_ru_great_annihilating_truth,
          guppyfry_shop_venom
D:7:      layout_loops_corners, minivault_10
D:8:      layout_loops_ring
D:9:      layout_cave_pools, david_orc_4, gammafunk_ghost_hydra_chop,
          sword_in_stone, uniq_joseph, uniq_pikel
Temple:   compressed_dpeg_triangle_lava_temple

Skill      XL: |  1  2  3  4  5  6  7  8  9 10 |
---------------+-------------------------------+-----
Conjurations   | 2 3 4 5 7 |  7.8
Spellcasting   | 3 4 5 6 7 |  7.4
Air Magic      | 4 5 6 8 |  8.4
Polearms       | 2 4 6 |  6.7
Dodging        | 3 |  3.3
Stealth        | |  2.8

Action                   |  1- 3 |  4- 6 |  7- 9 | 10-12 || total
-------------------------+-------+-------+-------+-------++-------
Melee: Unarmed           |    13 |       |       |       ||    13
       Tentacles         |     4 |    11 |    26 |    13 ||    54
       Short sword       |    30 |    52 |       |       ||    82
       Constrict         |     8 |    14 |    24 |     8 ||    54
       Demon trident     |       |     3 |   188 |    59 ||   250
 Cast: Shock             |    40 |    94 |    12 |       ||   146
       Airstrike         |       |       |     9 |       ||     9
       Static Discharge  |       |       |     7 |     1 ||     8
       Swiftness         |       |       |     1 |     2 ||     3
Invok: Curse Item        |       |     1 |     2 |       ||     3
  Use: Scroll            |       |     1 |     1 |       ||     2
       Potion            |       |       |     1 |       ||     1
 Stab: Sleeping          |     7 |     6 |     8 |       ||    21
       Paralysed         |       |       |     1 |       ||     1
Armor: Skin              |     3 |     3 |    20 |     2 ||    28
Dodge: Dodged            |    28 |    48 |   112 |    45 ||   233

Table legend: (Time is in decaauts)
 A = Elapsed time spent in this place.
 B = Non-inter-level travel time spent in this place.
 C = Inter-level travel time spent in this place.
 D = Time resting spent in this place.
 E = Time spent auto-exploring this place.
 F = Levels seen in this place.
 G = Mean time per level.
                   A        B        C        D        E       F      G
               +--------+--------+--------+--------+--------+-----+--------+
         Total |   8147 |   7828 |    319 |    738 |   5774 |  10 |  814.7 |
       Dungeon |   7882 |   7576 |    306 |    738 |   5539 |   9 |  875.8 |
        Temple |    264 |    251 |     13 |      0 |    235 |   1 |  264.0 |
               +--------+--------+--------+--------+--------+-----+--------+

Top non-repeatable levels by time:
     D:1: 1384 daAuts
     D:7: 1192 daAuts
     D:4: 1083 daAuts
     D:6: 998 daAuts
     D:2: 973 daAuts
     D:5: 863 daAuts
     D:8: 850 daAuts
     D:9: 528 daAuts
  Temple: 264 daAuts
     D:3: 7 daAuts
